 Dungeon Crawl Stone Soup version 0.29-a0-319-gad05b8d819 (webtiles) character file.

Game seed: 2025388385055581547

6651 Gildeon the Cleaver (level 10, -3/90 HPs)
             Began as a Minotaur Fighter on Apr 1, 2022.
             Was a Believer of Makhleb.
             Slain by a cane toad (4 damage)
             ... while petrified by a basilisk
             ... on level 1 of the Lair of Beasts.
             The game lasted 00:23:24 (10154 turns).

Gildeon the Cleaver (Minotaur Fighter)             Turns: 10154, Time: 00:23:24

Health: -3/90      AC: 19    Str: 28    XL:     10   Next: 72%
Magic:  11/11      EV:  2    Int:  5    God:    Makhleb [**....]
Gold:   474        SH:  0    Dex: 13    Spells: 5/9 levels left

rFire   . . .      SeeInvis .   a - +0 war axe (drain)
rCold   + . .      Faith    .   C - +0 kite shield
rNeg    + + +      Spirit   .   w - +0 chain mail {rC+}
rPois   ∞          Reflect  .   (helmet restricted)
rElec   .          Harm     .   D - +0 cloak
rCorr   .          Rampage  .   N - +0 pair of gloves "Ibuicoj" {+Inv Fly rPois}
Will    .....                   K - +2 pair of boots
Stlth   ..........              u - amulet of the acrobat
HPRegen 0.25/turn               j - +4 ring of protection
MPRegen 0.12/turn               H - +6 ring of strength

@: petrified, flying
A: horns 2, retaliatory headbutt
a: Renounce Religion, Evoke Invisibility, Minor Destruction


You were on level 1 of the Lair of Beasts.
You worshipped Makhleb.
Makhleb was pleased with you.
You visited 3 branches of the dungeon, and saw 11 of its levels.

You collected 558 gold pieces.
You spent 84 gold pieces at shops.

Inventory:

Hand Weapons
 a - a +0 war axe of draining (weapon)
 A - a +0 flail
Armour
 w - a +0 chain mail of cold resistance (worn)
 C - a +0 kite shield (worn)
 D - a +0 cloak (worn)
 K - a +2 pair of boots (worn)
 N - the +0 pair of gloves "Ibuicoj" (worn) {+Inv Fly rPois}
   (You found it on level 8 of the Dungeon)

   rPois:     It protects you from poison.
   +Inv:      It lets you turn invisible.
   Fly:       It grants you flight.
Jewellery
 j - a +4 ring of protection (left hand)
 l - a ring of flight
 u - an amulet of the acrobat (around neck)
 x - a ring of fire
 E - a ring of ice
 F - a ring of see invisible
 H - a +6 ring of strength (right hand)
Wands
 m - a wand of polymorph (9)
 y - a wand of iceblast (8)
 J - a wand of flame (17)
Scrolls
 b - 4 scrolls of amnesia
 e - 12 scrolls of teleportation
 g - a scroll of noise {unknown}
 h - 2 scrolls of enchant armour {unknown}
 i - 2 scrolls of magic mapping
 k - a scroll of enchant weapon {unknown}
 p - a scroll of brand weapon {unknown}
 q - 2 scrolls of vulnerability {unknown}
 r - 2 scrolls of torment {unknown}
 s - 6 scrolls of fear
 z - 2 scrolls of acquirement {unknown}
 L - a scroll of summoning {unknown}
Potions
 c - a potion of resistance {unknown}
 d - a potion of might
 f - 2 potions of flight
 n - 4 potions of lignification
 o - 2 potions of curing
 t - 2 potions of heal wounds {unknown}
 v - a potion of berserk rage {unknown}
 B - 4 potions of brilliance
 G - a potion of ambrosia {unknown}
 I - a potion of cancellation {unknown}
 M - a potion of invisibility {unknown}


   Skills:
 + Level 8.8 Fighting
 * Level 14.0 Axes
 - Level 5.0 Armour
 - Level 5.0 Dodging
 - Level 5.0 Shields
 + Level 3.8 Invocations
 - Level 5.0 Evocations


You had 5 spell levels left.
You knew the following spells:

 Your Spells              Type           Power      Damage    Failure   Level
a - Petrify               Tmut/Erth      0%         N/A       100%        4

Your spell library contained the following spells:

 Spells                   Type           Power      Damage    Failure   Level
 Sublimation of Blood     Necr           0%         N/A       100%        2
 Dazzling Flash           Conj/Hex       0%         N/A       100%        3
 Gell's Gravitas          Tloc           0%         N/A       100%        3
 Teleport Other           Tloc           0%         N/A       100%        3
 Agony                    Necr           0%         N/A       100%        5
 Irradiate                Conj/Tmut      0%         3d13      100%        5
 Silence                  Hex/Air        0%         N/A       100%        5
 Summon Forest            Summ/Tloc      0%         N/A       100%        5
 Dispersal                Tloc           0%         N/A       100%        6


Dungeon Overview and Level Annotations

Branches:
Dungeon (9/15)             Temple (1/1) D:7            Lair (1/6) D:8
    Orc (0/2) D:9

Altars:
Ashenzari
Cheibriados
Dithmenos
Elyvilon
Fedhas
Gozag
Hepliaklqana
Kikubaaqudgha
Makhleb
Nemelex Xobeh
Okawaru
Qazlal
Ru
Sif Muna
Trog
Uskayaw
Vehumet
Wu Jian
Xom
Yredelemnul
Zin
The Shining One

Shops:
D:3 *


Innate Abilities, Weirdness & Mutations

You have a pair of horns on your head.
You reflexively headbutt those who attack you in melee.


Message History

The bullfrog hits you but does no damage.
The cane toad stings you.
The bullfrog hits you but does no damage.
The basilisk gazes at you. The cane toad stings you.
The bullfrog barely misses you. The cane toad barely misses you.
The basilisk gazes at you.
The bullfrog hits you but does no damage.
The bullfrog barely misses you. The cane toad stings you!
* * * LOW HITPOINT WARNING * * *
The basilisk bites you but does no damage.
The bullfrog hits you.
* * * LOW HITPOINT WARNING * * *
The cane toad stings you but does no damage.
The basilisk gazes at you.
The bullfrog hits you but does no damage.
The cane toad stings you.
* * * LOW HITPOINT WARNING * * *
The bullfrog hits you but does no damage.
The basilisk hisses menacingly.
The basilisk bites you but does no damage.
The cane toad stings you.
* * * LOW HITPOINT WARNING * * *
The bullfrog hits you but does no damage.
The basilisk bites you!
* * * LOW HITPOINT WARNING * * *
The cane toad stings you!
* * * LOW HITPOINT WARNING * * *
The bullfrog barely misses you.
The bullfrog hits you but does no damage.
The cane toad stings you!
* * * LOW HITPOINT WARNING * * *
The basilisk gazes at you.
The bullfrog hits you but does no damage.
The cane toad stings you!
* * * LOW HITPOINT WARNING * * *
The basilisk barely misses you.
The bullfrog hits you but does no damage.
The cane toad stings you!
You die...

.# .... .#
..##...###.####...
...................
....≈≈.............
..≈≈≈≈...#.#.......
..≈≈≈≈≈...##.......
.≈≈≈≈≈.............
.≈≈≈≈≈.<...F.......
.≈≈≈≈≈....@l:......
.≈≈≈≈≈≈≈.#.F.......
..≈≈≈≈≈≈...........
P..≈≈≈≈≈.#.........
....≈≈≈.....P..##.#
##.#.(.....##..# #
###.......# ....
........# #.#.
...... .###


You could see a cane toad, a basilisk (drained) and a bullfrog.

Vanquished Creatures
  A cane toad (Lair:1)
  A troll (D:9)
  Grinder (D:3)
  A wyvern (D:8)
  15 yaks
  3 steam dragons
  3 basilisks (D:8)
  Menkaure (D:5)
  Edmund (D:5)
  An orc warrior (D:9)
  2 water moccasins (D:8)
  A sky beast (D:6)
  4 centaurs
  Blork the orc (D:5)
  3 kobold brigands
  2 gnoll sergeants
  2 bullfrogs
  3 necrophages
  3 scorpions
  5 wights (D:8)
  A jelly (D:6)
  3 orc priests
  A gnoll shaman (D:7)
  5 hounds
  Crazy Yiuf (D:5)
  4 iguanas
  2 orc wizards (D:9)
  13 gnolls
  11 adders
  2 shadow imps
  A white imp (D:6)
  2 worms
  2 dart slugs (D:3)
  19 orcs
  3 ball pythons
  7 endoplasms
  2 giant cockroaches (D:4)
  8 goblins
  5 hobgoblins
  3 jackals (D:1)
  26 kobolds
  3 quokkas
  5 bats
  4 frilled lizards
  5 rats
192 creatures vanquished.

Vanquished Creatures (others)
  An orc (D:8)
  2 bushes (D:8)
  4 fungi (D:8)
  16 plants
23 creatures vanquished.

Grand Total: 215 creatures vanquished

Notes
Turn   | Place    | Note
-------+----------+-------------------------------------------
     0 | D:1      | Gildeon the Minotaur Fighter began the quest for the Orb.
     0 | D:1      | Reached XP level 1. HP: 19/19 MP: 0/0
    61 | D:1      | Found a faded altar of an unknown god.
   263 | D:1      | Reached skill level 3 in Axes
   263 | D:1      | Reached XP level 2. HP: 27/27 MP: 1/1
   377 | D:1      | Got Sif Muna's Tome of Translocation
  1054 | D:2      | Reached XP level 3. HP: 33/33 MP: 2/2
  1300 | D:2      | Identified the +1 dagger of Huuntiek {pain, Str+4}
  1843 | D:2      | Reached skill level 4 in Axes
  2067 | D:3      | Noticed Grinder
  2069 | D:3      | Paralysed by Grinder for 7 turns
  2094 | D:3      | Killed Grinder
  2095 | D:3      | Reached skill level 5 in Fighting
  2095 | D:3      | Reached skill level 5 in Axes
  2095 | D:3      | Reached skill level 5 in Armour
  2095 | D:3      | Reached XP level 4. HP: 35/42 MP: 3/3
  2095 | D:3      | Reached XP level 5. HP: 40/48 MP: 4/4
  2256 | D:3      | Found Resiodaj's General Store.
  2266 | D:3      | Bought a scroll of teleportation for 39 gold pieces
  2266 | D:3      | Bought a scroll of immolation for 45 gold pieces
  2445 | D:3      | Reached XP level 6. HP: 56/56 MP: 5/5
  2831 | D:3      | Reached skill level 6 in Axes
  3011 | D:4      | Reached skill level 1 in Dodging
  3638 | D:5      | Entered Level 5 of the Dungeon
  3714 | D:5      | Noticed Blork the orc
  3727 | D:5      | Killed Blork the orc
  3728 | D:5      | Reached XP level 7. HP: 54/61 MP: 6/6
  3808 | D:5      | Noticed Menkaure
  3819 | D:5      | Killed Menkaure
  3820 | D:5      | Reached skill level 7 in Axes
  3946 | D:5      | Reached skill level 5 in Shields
  4189 | D:5      | Noticed Edmund
  4212 | D:5      | Killed Edmund
  4213 | D:5      | Reached skill level 8 in Axes
  4398 | D:5      | Reached skill level 1 in Evocations
  4460 | D:5      | Reached XP level 8. HP: 64/68 MP: 7/7
  4508 | D:5      | Found a runed translucent door.
  4509 | D:5      | Noticed Crazy Yiuf
  4516 | D:5      | Killed Crazy Yiuf
  5315 | D:6      | Reached skill level 9 in Axes
  6264 | D:6      | Reached skill level 10 in Axes
  6265 | D:6      | HP: 3/68 [gnoll/+0 halberd (3)]
  6292 | D:6      | Reached skill level 5 in Dodging
  6949 | D:7      | Reached XP level 9. HP: 74/74 MP: 8/8
  6959 | D:7      | Learned a level 4 spell: Petrify
  7040 | D:7      | Found a staircase to the Ecumenical Temple.
  7106 | Temple   | Entered the Ecumenical Temple
  7113 | Temple   | Became a worshipper of Makhleb the Destroyer
  7435 | D:7      | Found a bloodstained altar of Trog.
  7620 | D:7      | Found a snail-covered altar of Cheibriados.
  7620 | D:7      | Found a basalt altar of Yredelemnul.
  7755 | D:7      | Reached skill level 11 in Axes
  7820 | D:7      | Found a radiant altar of Vehumet.
  8332 | D:8      | Reached skill level 12 in Axes
  8473 | D:8      | Reached skill level 5 in Evocations
  8491 | D:8      | Reached * piety under Makhleb
  8571 | D:8      | Identified the +0 pair of gloves "Ibuicoj" {+Inv Fly rPois}
  8662 | D:8      | Found a staircase to the Lair.
  8677 | D:8      | Reached XP level 10. HP: 80/86 MP: 9/9
  8684 | D:8      | Reached skill level 1 in Invocations
  8740 | D:8      | Reached skill level 13 in Axes
  9560 | D:9      | Found a staircase to the Orcish Mines.
  9573 | D:9      | Reached ** piety under Makhleb
  9869 | D:9      | Noticed a deep elf pyromancer
  9869 | D:9      | Noticed a centaur warrior
 10086 | Lair:1   | Entered Level 1 of the Lair of Beasts
 10086 | Lair:1   | Noticed a cane toad
 10092 | Lair:1   | Killed a cane toad
 10093 | Lair:1   | Reached skill level 14 in Axes
 10135 | Lair:1   | Noticed a cane toad
 10153 | Lair:1   | HP: 1/90 [cane toad (5)]
 10154 | Lair:1   | Slain by a cane toad

Illustrated notes

Levels and vault maps discovered:
D:1:      dpeg_arrival_rooms_a, layout_loops_ring, ebering_ecumenical_altar_box,
          roderic_roman_lattice
D:2:      layout_basic
D:3:      layout_basic, serial_shops, nicolae_lakefront_shop,
          serial_bayou_pond_e, corexii_shack, uniq_grinder
D:4:      layout_gridville
D:5:      layout_loops_corners, hangedman_decor_lopped, uniq_menkaure,
          uniq_edmund, uniq_blork_the_orc, uniq_crazy_yiuf_cottage
D:6:      wander_river, layout_loops_ring, portal_sewer_entry_e,
          serial_bayou_pond_a
D:7:      layout_gridville, lemuel_crystal_altar, kennysheep_little_box,
          chequers_temple_overflow_statue_of_worship, minmay_temple_entry_tees
D:8:      layout_loops_ring, minmay_lair_entry_grove
D:9:      minmay_the_grid_3x2 [minmay_the_grid_large_cup, minmay_the_grid_eight,
          minmay_the_grid_tree, minmay_the_grid_mess,
          minmay_the_grid_aliased_spiral, minmay_the_grid_prize_trominoes],
          layout_loops_cross, orc_0_dummy
Temple:   hc_temple_tempest_star
Lair:1:   layout_gridlike, basic_altar, infiniplex_staircase_pool

Skill      XL: |  1  2  3  4  5  6  7  8  9 10 |
---------------+-------------------------------+-----
Axes           | 3 5 6 8 10 12 14 | 14.0
Armour         | 4 5 |  5.0
Fighting       | 4 5 7 8 |  8.8
Dodging        | 2 3 5 |  5.0
Shields        | 4 5 |  5.0
Evocations     | 1 3 5 |  5.0
Invocations    | 3 |  3.8

Action                   |  1- 3 |  4- 6 |  7- 9 | 10-12 || total
-------------------------+-------+-------+-------+-------++-------
Melee: War axe           |    69 |    81 |   276 |   113 ||   539
       Headbutt          |    10 |    14 |    66 |    23 ||   113
  Use: Scroll            |     2 |     2 |     4 |       ||     8
       Potion            |       |       |     3 |     1 ||     4
Armor: Scale mail        |    31 |       |       |       ||    31
       Chain mail        |    20 |    33 |   126 |    68 ||   247
Dodge: Dodged            |    44 |    45 |   122 |    55 ||   266
Block: Buckler           |    15 |    25 |     3 |       ||    43
       Kite shield       |       |       |   137 |    45 ||   182

Table legend: (Time is in decaauts)
 A = Elapsed time spent in this place.
 B = Non-inter-level travel time spent in this place.
 C = Inter-level travel time spent in this place.
 D = Time resting spent in this place.
 E = Time spent auto-exploring this place.
 F = Levels seen in this place.
 G = Mean time per level.
                   A        B        C        D        E       F      G
               +--------+--------+--------+--------+--------+-----+--------+
         Total |  10248 |   9836 |    412 |    401 |   7647 |  11 |  931.6 |
       Dungeon |   9979 |   9582 |    397 |    401 |   7446 |   9 | 1108.8 |
        Temple |    199 |    185 |     14 |      0 |    167 |   1 |  199.0 |
          Lair |     68 |     68 |      0 |      0 |     34 |   1 |   68.0 |
               +--------+--------+--------+--------+--------+-----+--------+

Top non-repeatable levels by time:
     D:6: 1706 daAuts
     D:7: 1391 daAuts
     D:8: 1367 daAuts
     D:5: 1301 daAuts
     D:2: 1149 daAuts
     D:1: 938 daAuts
     D:3: 883 daAuts
     D:4: 778 daAuts
     D:9: 462 daAuts
  Temple: 199 daAuts
  Lair:1: 68 daAuts
